 Dungeon Crawl Stone Soup version 0.27-a0-1083-gcf8293e1eb (webtiles) character file.

Game seed: 10956024916603487400

26 EnegeticOcto the Magician (level 3, -6/25 HPs)
             Began as a Djinni Air Elementalist on Apr 26, 2021.
             Was an Initiate of Ru.
             Mangled by Robin
             ... wielding a +0 club
              (7 damage)
             ... on level 4 of the Dungeon.
             The game lasted 00:02:49 (378 turns).

EnegeticOcto the Magician (Djinni Air Elementalist)  Turns: 378, Time: 00:02:49

Health: -6/25      AC:  2    Str:  7    XL:     3   Next: 8%
Gold:   41         EV: 12    Int: 17    God:    Ru [......] SH:  0 Dex: 13

rFire    + + .     SeeInvis .   d - +1 dagger (venom)
rCold    x . .     Faith    .   (no shield)
rNeg     . . .     Spirit   .   a - +0 robe
rPois    ∞         Reflect  .   (no helmet)
rElec    .         Harm     .   (no cloak)
rCorr    .         Rampage  .   (no gloves)
Will     .....                  (boots unavailable)
Stlth    ++........             (no amulet)
HPRegen  0.08/turn              (no ring)
MPRegen  0.00/turn              (no ring)

@: flying, very slightly contaminated
A: fire resistance 2, cold vulnerability 1, float, innate caster, hp casting,
extra vitality 1
a: Renounce Religion, Sacrifice Skill, Sacrifice Health, Sacrifice Courage,
Reject Sacrifices


You were on level 4 of the Dungeon.
You worshipped Ru.
Ru was noncommittal.
You visited 1 branch of the dungeon, and saw 4 of its levels.

You collected 41 gold pieces.

Inventory:

Hand Weapons
 d - a +1 dagger of venom (weapon)
   (You found it on level 1 of the Dungeon)
Missiles
 b - 13 poisoned darts
Armour
 a - a +0 robe (worn)
Scrolls
 c - 2 scrolls of immolation {unknown}
 f - 2 scrolls of blinking {unknown}
 g - a scroll of enchant armour {unknown}
Potions
 e - a potion of curing {@q1 !q}


   Skills:
 - Level 2.1 Dodging
 - Level 1.5 Stealth
 + Level 3.6 Spellcasting


You couldn't memorise any spells.
You knew the following spells:

 Your Spells              Type           Power      Damage    Failure   Level
a - Shock                 Conj/Air       60%        1d6       3%          1
b - Static Discharge      Conj/Air       15%        N/A       5%          2
c - Airstrike             Air            7%         N/A       36%         4
d - Lightning Bolt        Conj/Air       7%         1d20      71%         5
e - Foxfire               Conj/Fire      60%        2x1d7     3%          1
V - Swiftness             Air            15%        N/A       11%         3
Your spell library was empty.

Dungeon Overview and Level Annotations

Branches:
Dungeon (4/15)
 Temple: D:4-7

Altars:
Cheibriados
Ru

Annotations:
D:4 Robin


Innate Abilities, Weirdness & Mutations

You are immune to poison.
Your flesh is very heat resistant. (rF++)
You are vulnerable to cold. (rC-)
You float through the air rather than walking.
You learn spells naturally, not from books.
Your magical power is your life essence.
You have superior vitality. (+4 HP)


Message History

g - a scroll labelled DIEKKA GUYMMA
There is a stone staircase leading up here.
Found a stone staircase leading up.
You now have 35 gold pieces (gained 11).
Found 6 gold pieces.
You now have 41 gold pieces (gained 6).
Found a scroll labelled PARAEJ SAGEQE. 2 goblins and a hobgoblin come into view.
The goblin shouts!
A goblin comes into view. It is wielding a +0 club.
f - 2 scrolls labelled PARAEJ SAGEQE (gained 1)
A goblin comes into view. It is wielding a +0 club.
The goblin shouts! x2; You hear a shout! x3
Casting: Static Discharge (safe; 7% risk of failure)
Confirm with . or Enter, or press ? or * to list all spells.
Aiming: Shock (safe; 4% risk of failure)
Press: ? - help, Shift-Dir - straight line, f - goblin
Aim: a goblin, wielding a +0 club (60% to hit)
The zap hits the goblin.
You kill the goblin!
The zap hits the goblin.
The goblin is severely wounded.
The zap hits the hobgoblin.
The hobgoblin is moderately wounded.
Robin of the Strong Arm comes into view.
They are wielding a +0 club and wearing the +0 helmet of the Unbroken {Int+6}.
Casting: Shock (safe; 4% risk of failure)
Confirm with . or Enter, or press ? or * to list all spells.
Aiming: Shock (safe; 4% risk of failure)
Press: ? - help, Shift-Dir - straight line The zap hits the goblin.
The goblin is severely wounded.
The zap hits the goblin.
The goblin is moderately wounded.
The zap hits Robin.
Robin is lightly wounded.
Robin shouts!
Casting: Shock (safe; 4% risk of failure)
Confirm with . or Enter, or press ? or * to list all spells.
Aiming: Shock (safe; 4% risk of failure)
Press: ? - help, Shift-Dir - straight line The zap hits the goblin.
You kill the goblin!
The zap hits the goblin.
You kill the goblin!
The zap hits Robin.
Robin is moderately wounded.
Robin roars a battlecry!
The goblins go into a battle-frenzy!
A goblin comes into view. It is wielding a +0 club.
Casting: Shock (safe; 4% risk of failure)
Confirm with . or Enter, or press ? or * to list all spells.
Aiming: Shock (safe; 4% risk of failure)
Press: ? - help, Shift-Dir - straight line You miscast Shock.
You are very lightly contaminated with residual magic.
Nothing appears to happen.
Casting: Shock (safe; 4% risk of failure)
Confirm with . or Enter, or press ? or * to list all spells.
Aiming: Shock (safe; 4% risk of failure)
Press: ? - help, Shift-Dir - straight line The zap hits the goblin.
You kill the goblin!
The zap hits the hobgoblin.
The hobgoblin is severely wounded.
The zap hits the goblin.
You kill the goblin!
You have reached level 3!
Your experience leads to an increase in your attributes!
Increase (s)trength, (i)ntelligence, or (d)exterity?
You feel clever.
The power to cast Foxfire wells up from within.
Spell assigned to 'e'.
You aren't carrying any items that you can evoke.
Unknown command.
Unknown command.
A hobgoblin comes into view.
Casting: Shock (safe; 3% risk of failure)
Confirm with . or Enter, or press ? or * to list all spells.
You conjure some foxfire!
The hobgoblin shouts!
You hit the hobgoblin but do no damage.
The hobgoblin is poisoned.
The hobgoblin is severely wounded.
You kill the hobgoblin!
The foxfire hits Robin but does no damage.
Robin is moderately wounded.
The foxfire hits Robin.
Robin is heavily wounded.
A goblin comes into view. It is wielding a +0 club.
Robin hits you with a +0 club.
* * * LOW HITPOINT WARNING * * *
Casting: Foxfire (safe; 3% risk of failure)
Confirm with . or Enter, or press ? or * to list all spells.
Robin is struck by an arc of lightning.
Robin is severely wounded.
You are struck by an arc of lightning.
* * * LOW HITPOINT WARNING * * *
The lightning grounds out.
* * * LOW HITPOINT WARNING * * *
Robin hits you with a +0 club!
You die...

### ..# #.#
#.# #.# #.#
#.######.#
#@g)gg....
####.###..)..
#....# #.#
#.##.### #
#....# ##.#.#
###.# #.# #.#
..#.##


You could see Robin, a hobgoblin (strong) and a goblin.

Vanquished Creatures
  2 bats (D:2)
  3 giant cockroaches
  7 goblins
  A hobgoblin (D:4)
  3 jackals (D:3)
  A quokka (D:2)
  3 ball pythons
  A kobold (D:3)
  A rat (D:1)
22 creatures vanquished.

Vanquished Creatures (others)
  2 foxfires (D:4)
2 creatures vanquished.

Grand Total: 24 creatures vanquished

Notes
Turn   | Place    | Note
-------+----------+-------------------------------------------
     0 | D:1      | EnegeticOcto the Djinni Air Elementalist began the quest
                  | for the Orb.
     0 | D:1      | Reached XP level 1. HP: 15/15 MP: 0/0
    83 | D:1      | Reached skill level 3 in Spellcasting
   117 | D:2      | Reached XP level 2. HP: 6/21 MP: 0/0
   155 | D:2      | Found a faded altar of an unknown god.
   163 | D:2      | Became a worshipper of Ru the Awakened
   279 | D:3      | Found a snail-covered altar of Cheibriados.
   369 | D:4      | Identified the +0 helmet of the Unbroken {Int+6}
   369 | D:4      | Noticed Robin
   374 | D:4      | Reached XP level 3. HP: 9/25 MP: 0/0
   374 | D:4      | Learned a level 1 spell: Foxfire
   378 | D:4      | HP: 1/25 [/static electricity (2)]
   378 | D:4      | Mangled by Robin

Illustrated notes

Levels and vault maps discovered:
D:1:      eino_arrival_water_star, layout_basic
D:2:      layout_loops_corners, hellmonk_ecumenical_altar_run_dry
D:3:      layout_rooms, nicolae_overflow_crystal_walls, tgw_kikubaaqudgha
D:4:      layout_loops_ring, uniq_robin, uniq_ijyb, uniq_crazy_yiuf_cottage

Skill      XL: |  1 |
---------------+----+-----
Spellcasting   | 3 |  3.6
Dodging        | |  2.1
Stealth        | |  1.5

Action                   || total
-------------------------++-------
Melee: Dagger            ||    31
 Cast: Shock             ||    10
       Static Discharge  ||     3
       Foxfire           ||     1
  Use: Potion            ||     1
 Stab: Sleeping          ||     1
Armor: Robe              ||     4
Dodge: Dodged            ||    29

Table legend: (Time is in decaauts)
 A = Elapsed time spent in this place.
 B = Non-inter-level travel time spent in this place.
 C = Inter-level travel time spent in this place.
 D = Time resting spent in this place.
 E = Time spent auto-exploring this place.
 F = Levels seen in this place.
 G = Mean time per level.
                   A        B        C        D        E       F      G
               +--------+--------+--------+--------+--------+-----+--------+
         Total |    378 |    364 |     14 |      0 |      0 |   4 |   94.5 |
       Dungeon |    378 |    364 |     14 |      0 |      0 |   4 |   94.5 |
               +--------+--------+--------+--------+--------+-----+--------+

Top non-repeatable levels by time:
     D:2: 169 daAuts
     D:1: 96 daAuts
     D:3: 62 daAuts
     D:4: 50 daAuts
